 Dungeon Crawl Stone Soup version 0.26-a0-651-gb41185065b (webtiles) character file.

Game seed: 14050411572187998980

181 qborf the Stinger (level 5, -1/35 HPs)
             Began as a Formicid Venom Mage on Oct 19, 2020.
             Slain by an orc wizard
             ... wielding a +0 dagger
              (2 damage)
             ... on level 2 of the Dungeon.
             The game lasted 00:05:06 (3674 turns).

qborf the Stinger (Formicid Venom Mage)             Turns: 3674, Time: 00:05:07

Health: -1/35      AC:  4    Str: 10 (13) XL:     5   Next: 92%
Magic:  2/10       EV: 12    Int: 12 (15) God:
Gold:   150        SH:  0    Dex: 14 (17) Spells: 4/11 levels left

rFire    . . .     SeeInvis +   a - +4 short sword (venom)
rCold    . . .     Faith    .   (no shield)
rNeg     . . .     Spirit   .   j - +0 robe
rPois    +         Reflect  .   (helmet unavailable)
rElec    .         Harm     .   t - +1 cloak
rCorr    .         Rampage  .   (no gloves)
MR       .....                  (no boots)
Stlth    ++........             (no amulet)
HPRegen  0.11/turn              h - +6 ring of dexterity
MPRegen  0.12/turn              f - ring of poison resistance

@: no status effects
A: permanent stasis, dig shafts and tunnels, four strong arms, antennae 3
a: Dig, Shaft Self


You were on level 2 of the Dungeon.
You visited 1 branch of the dungeon, and saw 3 of its levels.

You collected 150 gold pieces.

Inventory:

Hand Weapons
 a - a +4 short sword of venom (weapon)
 b - a +0 hunting sling
 k - a +0 spear
Missiles
 c - 19 sling bullets
Armour
 j - a +0 robe (worn)
 m - a +0 robe
 s - a +1 chain mail of positive energy
 t - a +1 cloak (worn)
Jewellery
 e - an uncursed ring of protection from cold
 f - a ring of poison resistance (right hand)
 h - a +6 ring of dexterity (left hand)
Scrolls
 d - a scroll of teleportation {unknown}
 i - a scroll of blinking {unknown}
 l - 2 scrolls of remove curse
 o - a scroll of noise {unknown}
Potions
 g - 2 potions of degeneration
 n - 2 potions of mutation {unknown}
 p - 3 potions of heal wounds {unknown}
 q - a potion of lignification {unknown}


   Skills:
 - Level 1.7 Dodging
 - Level 2.4 Stealth
 + Level 3.7 Spellcasting
 - Level 1.1 Transmutations
 * Level 7.0 Poison Magic


You had 4 spell levels left.
You knew the following spells:

 Your Spells              Type           Power        Failure   Level
a - Sting                 Tmut/Pois      ##..         4%          1
b - Poisonous Vapours     Pois/Air       ##....       9%          2
c - Olgreb's Toxic Radia  Pois           ###.....     13%         4

Your spell library contained the following spells:

 Spells                   Type           Power        Failure   Level
 Ignite Poison            Fire/Tmut/Pois #.......     22%         3
 Mephitic Cloud           Conj/Pois/Air  #.......     26%         3


Dungeon Overview and Level Annotations

Branches:
Dungeon (3/15)

Altars:
Kikubaaqudgha

Annotations:
D:2 Jessica


Innate Abilities, Weirdness & Mutations

You cannot be hasted, slowed, berserked, paralysed or teleported.
You can dig through walls and to a lower floor.
Your four strong arms can wield two-handed weapons with a shield.
You have a pair of large antennae on your head. (SInv)


Message History

The orc wizard hits you but does no damage.
You climb upwards.
Level annotation: Jessica
There is a stone staircase leading down here.
You miss the orc wizard.
The orc wizard is almost dead.
The orc wizard hits you but does no damage.
The orc wizard points at you and mumbles some strange words.
The magic dart hits you!
* * * LOW HITPOINT WARNING * * *
You're too confused to cast spells.
You're too confused to cast spells.
You bump into the rock wall.
The orc wizard hits you but does no damage.
It was a potion of degeneration.
There was something very wrong with that liquid.
You feel weakened.
You feel dopey.
You feel clumsy.
You feel less confused.
The orc wizard hits you with a +0 dagger.
You die...

#........####.#
#############.#
#.............#######
#.#########.####....#
#.##......#.####....#
#.##.........(.......
#.##.#<...#.#......##
#.##o....######...#..
#.#.@....####...####.
#.#########...### #.
#.#......#...## #.
#.#.#######...### ##
#.#.# ###...#####
#.#.# ###...#.. #.#.#
###...###.. #.#.#
##...### #.. #.#.#
#...## #..


You could see an orc wizard (invisible).

Vanquished Creatures
  Terence (D:2)
  6 gnolls
  4 adders (D:2)
  A worm (D:2)
  2 dart slugs (D:1)
  A leopard gecko (D:2)
  4 orcs (D:3)
  A ball python (D:2)
  6 bats
  6 giant cockroaches
  9 goblins
  4 hobgoblins
  2 kobolds (D:2)
  4 rats
51 creatures vanquished.

Vanquished Creatures (others)
  A human (D:2)
1 creature vanquished.

Grand Total: 52 creatures vanquished

Notes
Turn   | Place    | Note
-------+----------+-------------------------------------------
     0 | D:1      | qborf the Formicid Venom Mage began the quest for the Orb.
     0 | D:1      | Reached XP level 1. HP: 13/13 MP: 3/3
    78 | D:1      | Reached XP level 2. HP: 19/19 MP: 0/5
   605 | D:1      | Learned a level 2 spell: Poisonous Vapours
   961 | D:1      | Reached XP level 3. HP: 24/24 MP: 1/6
  1064 | D:1      | Reached skill level 5 in Poison Magic
  1409 | D:2      | Noticed Jessica
  1940 | D:2      | Reached XP level 4. HP: 30/30 MP: 2/8
  2050 | D:2      | Learned a level 4 spell: Olgreb's Toxic Radiance
  2336 | D:2      | Reached skill level 6 in Poison Magic
  2784 | D:2      | Reached XP level 5. HP: 21/35 MP: 1/9
  3456 | D:2      | Noticed Terence
  3468 | D:2      | Killed Terence
  3583 | D:2      | Found an ancient bone altar of Kikubaaqudgha.
  3587 | D:2      | Noticed a human
  3588 | D:2      | Killed a human
  3649 | D:3      | Reached skill level 7 in Poison Magic
  3671 | D:2      | HP: 1/35 [orc wizard/magic dart (8)]
  3674 | D:2      | Slain by an orc wizard

Illustrated notes

Levels and vault maps discovered:
D:1:      minmay_arrival_four_houses, layout_basic, corner_web_ring
D:2:      layout_basic, serial_curves, eino_curves_01, eino_curves_02,
          eino_curves_03, eino_curves_01, tgw_kikubaaqudgha, uniq_terence,
          uniq_jessica
D:3:      layout_basic, vehumet_crystals

Skill      XL: |  1  2  3  4  5 |
---------------+----------------+-----
Poison Magic   | 5 6 7 |  7.0
Spellcasting   | 3 |  3.7
Dodging        | |  1.7
Stealth        | |  2.4
Transmutations | |  1.1

Action                   |  1- 3 |  4- 6 || total
-------------------------+-------+-------++-------
Melee: Unarmed           |    15 |     2 ||    17
       Short sword       |       |     8 ||     8
       Spear             |       |     4 ||     4
 Cast: Sting             |    21 |     4 ||    25
       Poisonous Vapours |    20 |    39 ||    59
       Olgreb's Toxic Ra |       |     2 ||     2
  Use: Scroll            |     1 |       ||     1
       Potion            |       |     1 ||     1
Armor: Robe              |    20 |     4 ||    24
Dodge: Dodged            |    53 |     8 ||    61

Table legend: (Time is in decaauts)
 A = Elapsed time spent in this place.
 B = Non-inter-level travel time spent in this place.
 C = Inter-level travel time spent in this place.
 D = Time resting spent in this place.
 E = Time spent auto-exploring this place.
 F = Levels seen in this place.
 G = Mean time per level.
                   A        B        C        D        E       F      G
               +--------+--------+--------+--------+--------+-----+--------+
         Total |   3673 |   3545 |    128 |   1121 |   1963 |   3 | 1224.3 |
       Dungeon |   3673 |   3545 |    128 |   1121 |   1963 |   3 | 1224.3 |
               +--------+--------+--------+--------+--------+-----+--------+

Top non-repeatable levels by time:
     D:1: 1839 daAuts
     D:2: 1798 daAuts
     D:3: 35 daAuts
